3204 views
Uploaded 2020-04-18 02:20:58
Game version 1.32.3
27:58 long 1on1 ladder game on (2)Amazonia
Saved by BEARAND
3204 views
Uploaded 2020-04-18 02:20:58
Game version 1.32.3
27:58 long 1on1 ladder game on (2)Amazonia

51 units @ 6.8k
/ 1k
20 buildings @ 2.8k
/ 1.1k



| Orb of Fire | 2 | 650 |
| total: | 2 | 650g |
| Peasant | 22 | 1650 | / | 0 |
| Footman | 6 | 810 | / | 0 |
| Rifleman | 7 | 1435 | / | 210 |
| Priest | 5 | 675 | / | 50 |
| Knight | 2 | 490 | / | 120 |
| Mortar Team | 7 | 1260 | / | 490 |
| Flying Machine | 1 | 100 | / | 30 |
| Goblin Shredder | 1 | 375 | / | 100 |
| total: | 51 | 6795g | / | 1000w |
| Barracks | 2 | 320 | / | 120 |
| Altar of Kings | 1 | 180 | / | 50 |
| Farm | 10 | 800 | / | 200 |
| Blacksmith | 1 | 140 | / | 60 |
| Arcane Vault | 1 | 130 | / | 30 |
| Lumber Mill | 1 | 120 | / | 0 |
| Town Hall | 2 | 770 | / | 410 |
| Arcane Sanctum | 1 | 150 | / | 140 |
| Workshop | 1 | 140 | / | 140 |
| Keep | 1 | 320 | / | 210 |
| Castle | 1 | 360 | / | 210 |
| total: | 20 | 2750g | / | 1150w |
| 0:05 | Peasant |
| 0:05 | Peasant |
| 0:06 | Peasant |
| 0:06 | Peasant |
| 0:07 | Peasant |
| 0:07 | Peasant |
| 0:07 | Peasant |
| 1:28 | Barracks |
| 1:32 | Altar of Kings |
| 1:40 | Farm |
| 1:49 | Peasant |
| 1:49 | Peasant |
| 2:17 | Farm |
| 2:23 | Farm |
| 2:41 | Barracks |
| 2:57 | Footman |
| 2:57 | Footman |
| 3:05 | Farm |
| 3:17 | Peasant |
| 3:24 | Blacksmith |
| 3:42 | Footman |
| 3:48 | Holy Light |
| 3:59 | Farm |
| 4:03 | Footman |
| 4:04 | Footman |
| 5:09 | Footman |
| 5:22 | Keep |
| 5:37 | Arcane Vault |
| 7:12 | Farm |
| 7:14 | Rifleman |
| 7:16 | Iron Plating |
| 8:11 | Peasant |
| 8:11 | Peasant |
| 8:12 | Peasant |
| 8:12 | Peasant |
| 8:12 | Peasant |
| 8:14 | Rifleman |
| 8:16 | Rifleman |
| 10:10 | Rifleman |
| 10:11 | Rifleman |
| 10:13 | Long Rifles |
| 10:16 | Peasant |
| 10:16 | Peasant |
| 10:28 | Brilliance Aura |
| 11:28 | Arcane Sanctum |
| 11:36 | Devotion Aura |
| 12:02 | Summon Water Elemental |
| 12:34 | Rifleman |
| 12:37 | Castle |
| 12:45 | Lumber Mill |
| 12:55 | Priest |
| 12:55 | Priest |
| 12:56 | Priest |
| 13:46 | Goblin Shredder |
| 14:00 | Rifleman |
| 14:42 | Town Hall |
| 15:10 | Farm |
| 15:13 | Farm |
| 15:24 | Animal War Training |
| 15:25 | Sundering Blades |
| 15:29 | Orb of Fire |
| 15:57 | Priest Adept Training |
| 17:11 | Farm |
| 17:26 | Storm Bolt |
| 17:30 | Knight |
| 17:32 | Knight |
| 17:37 | Priest |
| 17:37 | Priest |
| 17:38 | Priest Master Training |
| 18:22 | Workshop |
| 18:36 | Improved Masonry |
| 18:38 | Steel Plating |
| 18:39 | Studded Leather Armor |
| 19:25 | Peasant |
| 19:25 | Peasant |
| 19:25 | Peasant |
| 19:25 | Peasant |
| 19:26 | Peasant |
| 19:52 | Mortar Team |
| 19:58 | Holy Light |
| 20:14 | Farm |
| 20:24 | Orb of Fire |
| 20:38 | Mortar Team |
| 20:43 | Mortar Team |
| 20:53 | Black Gunpowder |
| 23:41 | Town Hall |
| 23:50 | Mortar Team |
| 25:24 | Flying Machine |
| 25:27 | Mortar Team |
| 27:01 | Mortar Team |
| 27:06 | Mortar Team |
| Right click | 549 |
| Select | 243 |
| Misc. action | 182 |
| Select group | 143 |
| Build/train/purchase | 78 |
| Assign group | 19 |
| Chat | 19 |
| Use ability | 18 |
| Remove unit | 2 |
| Item give/drop | 1 |
| Esc | 1 |
22 units @ 2.5k
/ 0.2k
80 buildings @ 4.2k
/ 2.2k



| Scroll of Regeneration | 2 | 200 |
| Potion of Healing | 1 | 150 |
| Staff of Sanctuary | 3 | 750 |
| Orb of Fire | 2 | 650 |
| Staff of Teleportation | 3 | 450 |
| Boots of Speed | 3 | 750 |
| total: | 14 | 2950g |
| Peasant | 14 | 1050 | / | 0 |
| Sorceress | 2 | 310 | / | 40 |
| Priest | 1 | 135 | / | 10 |
| Dragonhawk Rider | 5 | 1000 | / | 150 |
| total: | 22 | 2495g | / | 200w |
| Scout Tower | 63 | 1890 | / | 1260 |
| Arcane Tower | 4 | 280 | / | 200 |
| Guard Tower | 57 | 3990 | / | 2850 |
| Altar of Kings | 2 | 360 | / | 100 |
| Farm | 6 | 480 | / | 120 |
| Lumber Mill | 1 | 120 | / | 0 |
| Arcane Vault | 2 | 260 | / | 60 |
| Town Hall | 1 | 385 | / | 205 |
| Blacksmith | 1 | 140 | / | 60 |
| Barracks | 2 | 320 | / | 120 |
| Arcane Sanctum | 1 | 150 | / | 140 |
| Gryphon Aviary | 1 | 140 | / | 150 |
| Keep | 1 | 320 | / | 210 |
| Castle | 1 | 360 | / | 210 |
| total: | 80 | 4245g | / | 2215w |
| 0:02 | Peasant |
| 0:02 | Peasant |
| 0:07 | Altar of Kings |
| 0:08 | Altar of Kings |
| 0:14 | Peasant |
| 0:18 | Farm |
| 0:22 | Peasant |
| 0:27 | Lumber Mill |
| 0:31 | Scout Tower |
| 0:37 | Peasant |
| 1:01 | Peasant |
| 1:15 | Peasant |
| 1:19 | Farm |
| 1:21 | Arcane Vault |
| 1:23 | Peasant |
| 1:45 | Peasant |
| 1:46 | Arcane Tower |
| 1:53 | Peasant |
| 1:55 | Peasant |
| 1:59 | Scout Tower |
| 2:06 | Blizzard |
| 2:35 | Guard Tower |
| 3:03 | Scroll of Regeneration |
| 3:05 | Peasant |
| 3:05 | Peasant |
| 3:05 | Peasant |
| 3:06 | Improved Masonry |
| 3:39 | Brilliance Aura |
| 3:44 | Scout Tower |
| 3:45 | Scout Tower |
| 3:58 | Keep |
| 4:00 | Farm |
| 4:01 | Farm |
| 4:17 | Staff of Teleportation |
| 4:19 | Boots of Speed |
| 4:26 | Guard Tower |
| 4:43 | Guard Tower |
| 4:44 | Scout Tower |
| 4:45 | Scout Tower |
| 5:07 | Scroll of Regeneration |
| 5:45 | Blizzard |
| 5:53 | Guard Tower |
| 6:45 | Castle |
| 6:47 | Advanced Masonry |
| 6:47 | Improved Lumber Harvesting |
| 6:51 | Arcane Sanctum |
| 7:29 | Potion of Healing |
| 7:39 | Storm Bolt |
| 8:35 | Magic Sentry |
| 8:35 | Sorceress |
| 8:35 | Priest |
| 8:55 | Boots of Speed |
| 8:55 | Staff of Teleportation |
| 9:11 | Imbued Masonry |
| 9:17 | Farm |
| 9:18 | Farm |
| 9:43 | Staff of Sanctuary |
| 10:17 | Bash |
| 10:28 | Holy Light |
| 10:35 | Town Hall |
| 10:37 | Scout Tower |
| 10:38 | Scout Tower |
| 10:39 | Scout Tower |
| 10:43 | Scout Tower |
| 10:43 | Scout Tower |
| 10:43 | Scout Tower |
| 10:44 | Scout Tower |
| 11:07 | Brilliance Aura |
| 11:12 | Arcane Tower |
| 11:12 | Guard Tower |
| 11:27 | Staff of Teleportation |
| 11:27 | Boots of Speed |
| 11:34 | Guard Tower |
| 11:37 | Guard Tower |
| 11:46 | Guard Tower |
| 11:53 | Divine Shield |
| 12:21 | Guard Tower |
| 12:23 | Arcane Vault |
| 12:31 | Scout Tower |
| 12:31 | Scout Tower |
| 12:32 | Scout Tower |
| 12:33 | Scout Tower |
| 12:33 | Scout Tower |
| 12:34 | Scout Tower |
| 12:39 | Staff of Sanctuary |
| 13:10 | Guard Tower |
| 13:11 | Guard Tower |
| 13:16 | Sorceress Adept Training |
| 13:16 | Sorceress |
| 13:18 | Gryphon Aviary |
| 13:19 | Blacksmith |
| 13:20 | Barracks |
| 13:36 | Storm Bolt |
| 14:29 | Guard Tower |
| 14:30 | Guard Tower |
| 14:30 | Guard Tower |
| 14:44 | Orb of Fire |
| 14:45 | Staff of Sanctuary |
| 15:04 | Priest Adept Training |
| 15:11 | Scout Tower |
| 15:12 | Scout Tower |
| 15:13 | Scout Tower |
| 15:13 | Scout Tower |
| 15:14 | Scout Tower |
| 15:14 | Scout Tower |
| 15:14 | Scout Tower |
| 15:15 | Scout Tower |
| 15:15 | Scout Tower |
| 15:16 | Scout Tower |
| 15:19 | Scout Tower |
| 15:20 | Scout Tower |
| 15:20 | Scout Tower |
| 15:21 | Scout Tower |
| 15:21 | Scout Tower |
| 15:22 | Scout Tower |
| 15:23 | Scout Tower |
| 15:24 | Scout Tower |
| 15:24 | Scout Tower |
| 16:17 | Guard Tower |
| 16:18 | Guard Tower |
| 16:20 | Dragonhawk Rider |
| 16:20 | Dragonhawk Rider |
| 16:34 | Holy Light |
| 16:45 | Guard Tower |
| 17:13 | Guard Tower |
| 17:33 | Barracks |
| 17:35 | Iron Forged Swords |
| 17:36 | Studded Leather Armor |
| 17:37 | Dragonhawk Rider |
| 17:37 | Dragonhawk Rider |
| 17:43 | Guard Tower |
| 17:44 | Guard Tower |
| 17:44 | Guard Tower |
| 17:45 | Guard Tower |
| 18:06 | Guard Tower |
| 18:59 | Guard Tower |
| 19:03 | Guard Tower |
| 19:04 | Guard Tower |
| 20:05 | Guard Tower |
| 20:06 | Guard Tower |
| 20:08 | Scout Tower |
| 20:09 | Scout Tower |
| 20:27 | Bash |
| 20:34 | Dragonhawk Rider |
| 20:44 | Guard Tower |
| 20:46 | Scout Tower |
| 20:46 | Scout Tower |
| 20:47 | Scout Tower |
| 20:48 | Scout Tower |
| 20:48 | Scout Tower |
| 20:49 | Scout Tower |
| 20:49 | Scout Tower |
| 20:50 | Scout Tower |
| 20:50 | Scout Tower |
| 21:10 | Guard Tower |
| 21:11 | Scout Tower |
| 21:12 | Scout Tower |
| 21:12 | Scout Tower |
| 21:13 | Scout Tower |
| 21:13 | Scout Tower |
| 21:40 | Guard Tower |
| 22:06 | Guard Tower |
| 22:19 | Blizzard |
| 23:13 | Guard Tower |
| 23:27 | Arcane Tower |
| 23:27 | Arcane Tower |
| 23:28 | Guard Tower |
| 23:28 | Guard Tower |
| 23:29 | Scout Tower |
| 23:30 | Scout Tower |
| 23:30 | Scout Tower |
| 23:31 | Scout Tower |
| 23:31 | Scout Tower |
| 24:24 | Orb of Fire |
| 24:49 | Divine Shield |
| 25:19 | Guard Tower |
| 26:05 | Scout Tower |
| 26:06 | Scout Tower |
| 26:06 | Scout Tower |
| 26:07 | Scout Tower |
| 26:16 | Guard Tower |
| 26:16 | Guard Tower |
| 26:17 | Guard Tower |
| 26:17 | Guard Tower |
| 26:44 | Guard Tower |
| 26:46 | Guard Tower |
| 26:59 | Guard Tower |
| 27:04 | Animal War Training |
| Right click | 2295 |
| Select | 724 |
| Select group | 459 |
| Build/train/purchase | 205 |
| Chat | 110 |
| Use ability | 100 |
| Assign group | 32 |
| Misc. action | 22 |
| Item give/drop | 13 |
| Remove unit | 1 |